 Dungeon Crawl Stone Soup version 0.31-a0-1570-g93c622d222 (webtiles) character file.

Game seed: 569370364490540996

45 Drazool the Conjurer (level 3, -2/26 HPs)
             Began as an Armataur Conjurer on Jan 3, 2024.
             Killed from afar by Natasha (4 damage)
             ... with a magic dart
             ... on level 2 of the Dungeon.
             The game lasted 00:03:20 (1026 turns).

Drazool the Conjurer (Armataur Conjurer)            Turns: 1026, Time: 00:03:21

Health: -2/26      AC:  4    Str: 12    XL:     3   Next: 42%
Magic:  1/5        EV:  9    Int: 26    God:
Gold:   98         SH:  0    Dex:  8    Spells: 4/5 levels left

rFire   . . .        (no weapon)
rCold   . . .        (no shield)
rNeg    . . .        a - +0 robe
rPois   .            (no helmet)
rElec   .            (no cloak)
rCorr   .            (no gloves)
SInv    .            (no barding)
Will    .....        (no amulet)
Stlth   ++           I - +6 ring of intelligence
HPRegen 0.24/turn    (no ring)
MPRegen 0.09/turn

%: roll
@: slowed, very slow
A: large, deformed body, tough skin 3, armoured tail, roll 1
a: no special abilities


You were on level 2 of the Dungeon.
You visited 1 branch of the dungeon, and saw 2 of its levels.

You collected 98 gold pieces.


Innate Abilities, Weirdness & Mutations

Armour fits poorly on your strangely shaped body.
You have extremely tough skin. (AC +3)
You have a long armoured tail.
You regenerate magic when rolling toward enemies. (Rampage MPRegen)


   Skills:
 - Level 1.3 Dodging
 - Level 2.1 Stealth
 - Level 1.7 Spellcasting
 + Level 4.8 Conjurations


You had 4 spell levels left.
You knew the following spells:

 Your Spells              Type           Power      Damage    Failure   Level
m - Magic Dart            Conj           100%       1d8       1%          1

Your spell library contained the following spells:

 Spells                   Type           Power      Damage    Failure   Level
 Searing Ray              Conj           54%        2d6       2%          2
 Fulminant Prism          Conj/Alch      7%         3d7       36%         4
 Iskenderun's Mystic Bla  Conj/Tloc      14%        2d5       36%         4

Inventory:

Armour
 a - a +0 robe (worn)
Jewellery
 I - a +6 ring of intelligence (left hand)
Scrolls
 c - a scroll of poison {unknown}
 d - a scroll of noise {unknown}
 f - a scroll of enchant weapon {unknown}
 g - a scroll of teleportation {unknown}
Potions
 b - a potion of magic
 e - a potion of lignification {unknown}

Dungeon Overview and Level Annotations

Branches:
Dungeon (2/15)

Altars:

Shops:
D:1 [

Annotations:
D:2 Natasha

....###### .r......♣
#†..... .. #....♣♣
PP #....P♣.P♣
###....♣ #########
#....♣..♣ #.......#
####h...# #
..###...# #.5@....#
.♣♣♣♣♣♣.# #.5.#####
........######...###
#♣♣♣♣♣♣.....##.....#
#......##.....#
#......##..[..#
#......##...†.#
#......''.....#
######......##.....#


You could see Natasha and 2 cerulean imps.


Message History

The cerulean imp hits you but does no damage.
Natasha barely misses you. The cerulean imp barely misses you.
You hit Natasha but do no damage.
Natasha is almost dead.
The cerulean imp closely misses you. Natasha claws you!
* * * LOW HITPOINT WARNING * * *
The cerulean imp hits you with a +1 spear.
* * * LOW HITPOINT WARNING * * *
The cerulean imp barely misses you.
You barely miss Natasha.
You tail-slap Natasha, but do no damage.
Natasha is almost dead.
Natasha claws you.
* * * LOW HITPOINT WARNING * * *
The cerulean imp barely misses you.
The cerulean imp hits you with a +2 spear.
* * * LOW HITPOINT WARNING * * *
Natasha casts a spell at you.
You feel as though you will be slow longer.
The cerulean imp hits you with a +1 spear.
* * * LOW HITPOINT WARNING * * *
You closely miss Natasha.
Natasha is almost dead.
The cerulean imp hits you but does no damage.
Natasha wildly gestures.
Natasha glows brightly for a moment.
Natasha casts a spell at you. The magic dart hits you.
You die...
Natasha begins licking her fur clean.

Skill      XL: |  1 |
---------------+----+-----
Conjurations   | 4 |  4.8
Dodging        | |  1.3
Stealth        | |  2.1
Spellcasting   | |  1.7

Action                     || total
---------------------------++-------
  Melee: Unarmed           ||    12
         Tailslap          ||     1
   Cast: Magic Dart        ||    48
 Armour: Robe              ||    20
  Dodge: Dodged            ||    13

Levels and vault maps discovered:
D:1:      dpeg_arrival_water_fire, layout_rooms, basic_ecumenical_altar,
          serial_shops, shop
D:2:      layout_basic, serial_forest, infiniplex_forest_lined_room_,
          infiniplex_forest_clump_tiny, infiniplex_forest_straight_2,
          infiniplex_forest_straight_4, infiniplex_forest_clump_small,
          infiniplex_forest_lined_room_2, infiniplex_forest_diagonal,
          infiniplex_forest_clump_diagonal, infiniplex_forest_straight_1,
          uniq_natasha

Notes
Turn   | Place    | Note
-------+----------+-------------------------------------------
     0 | D:1      | Drazool the Armataur Conjurer began the quest for the Orb.
     0 | D:1      | Reached XP level 1. HP: 14/14 MP: 3/3
   120 | D:1      | Found Laocuaw's Antique Armour Boutique.
   234 | D:1      | Reached skill level 4 in Conjurations
   266 | D:1      | Reached XP level 2. HP: 20/20 MP: 1/4
   407 | D:1      | Found a faded altar of an unknown god.
   769 | D:1      | Reached XP level 3. HP: 22/26 MP: 0/5
   994 | D:2      | Noticed Natasha
  1025 | D:2      | HP: 2/26 [cerulean imp/+1 spear[Natasha] (3)]
  1026 | D:2      | Killed from afar by Natasha

Vanquished Creatures
  2 adders
  5 ball pythons (D:1)
  2 endoplasms
  2 goblins (D:1)
  3 hobgoblins (D:1)
  2 quokkas
  A bat (D:1)
  4 kobolds (D:1)
  5 rats
26 creatures vanquished.

Table legend: (Time is in decaauts)
 A = Elapsed time spent in this place.
 B = Non-inter-level travel time spent in this place.
 C = Inter-level travel time spent in this place.
 D = Time resting spent in this place.
 E = Time spent auto-exploring this place.
 F = Levels seen in this place.
 G = Mean time per level.
                   A        B        C        D        E       F      G
               +--------+--------+--------+--------+--------+-----+--------+
         Total |   1030 |    993 |     37 |    107 |    749 |   2 |  515.0 |
       Dungeon |   1030 |    993 |     37 |    107 |    749 |   2 |  515.0 |
               +--------+--------+--------+--------+--------+-----+--------+

Top non-repeatable levels by time:
     D:1: 811 daAuts
     D:2: 219 daAuts

Table legend:
 A = Non-vault XP
 B = Vault XP
 C = Vault XP percentage of total XP
 D = Non-vault monster count
 E = Vault monster count
 F = Vault count percentage of total count
                 A         B        C        D         E       F
            +---------+---------+-------+---------+---------+-------
      Total |      65 |       0 |   0.0 |      26 |       0 |   0.0
            +---------+---------+-------+---------+---------+-------
        D:1 |      43 |       0 |   0.0 |      19 |       0 |   0.0
        D:2 |      22 |       0 |   0.0 |       7 |       0 |   0.0
            +---------+---------+-------+---------+---------+-------
